 Dungeon Sprint DCSS version 0.17-a0-2093-gc772f4b (webtiles) character file.

3187 Kidiri the Nimble (level 9, -4/63 HPs)
             Began as a High Elf Fire Elementalist on Oct 16, 2015.
             Was the Champion of Vehumet.
             Killed from afar by a molten gargoyle (30 damage)
             ... with a bolt of magma
             ... in the Dungeon (Sprint VII: "The Pits").
             The game lasted 00:13:53 (2801 turns).

Kidiri the Nimble (High Elf Fire Elementalist)      Turns: 2801, Time: 00:13:53

Health: -4/63      AC: 17    Str:  7    XL:     9   Next: 64%
Magic:  5/24       EV: 15    Int: 29    God:    Vehumet [******]
Gold:   0          SH:  0    Dex: 16    Spells: 7 memorised, 8 levels left

rFire  . . .     SeeInvis .     t - +0 quarterstaff (protect)
rCold  . . .     Clarity  .     v - +5 ring mail
rNeg   . . .     SustAt   .     (no shield)
rPois  .         Gourm    .     (no helmet)
rElec  .         Spirit   .     (no cloak)
rCorr  .         Warding  .     u - +0 pair of gloves
rMut   .         NoTele   +     (no boots)
MR     .....                    (no amulet)
Stlth  +.........               e - +3 ring of intelligence
                                a - +3 ring of intelligence

@: not resistant to hostile enchantments, very unstealthy
A: no striking features
a: Renounce Religion


You were in the Dungeon.
You worshipped Vehumet.
Vehumet was exalted by your worship.
You were not hungry.

You visited 1 branch

Inventory:

Hand Weapons
 t - a +0 quarterstaff of protection (weapon)
Armour
 u - a +0 pair of gloves (worn)
 v - a +5 ring mail (worn)
Magical Staves
 q - an uncursed staff of energy
Jewellery
 a - a +3 ring of intelligence (left hand)
 e - a +3 ring of intelligence (right hand)
Scrolls
 n - 3 scrolls of remove curse
 o - 5 scrolls of amnesia
 p - a scroll of summoning
Potions
 d - 4 potions of curing
 f - a potion of haste
 g - a potion of heal wounds
 h - 2 potions of berserk rage
 j - a potion of might
 m - 2 potions of invisibility
 r - 4 potions of brilliance
 s - 2 potions of cure mutation
Comestibles
 c - 6 bread rations
 k - 40 fruits
 l - 7 meat rations


   Skills:
 + Level 6.5 Fighting
 + Level 6.4 Staves
 + Level 5.8 Armour
 * Level 10.3 Dodging
 - Level 2.1 Stealth
 - Level 0.4 Unarmed Combat
 * Level 10.3 Spellcasting
 + Level 7.4 Conjurations
 + Level 6.1 Hexes
 * Level 9.9 Fire Magic
 + Level 6.5 Evocations


You had 8 spell levels left.
You knew the following spells:

 Your Spells              Type           Power        Failure   Level  Hunger
a - Flame Tongue          Conj/Fire      #####        1%          1    None
b - Throw Flame           Conj/Fire      ######       1%          2    None
c - Conjure Flame         Conj/Fire      ######..     1%          3    None
d - Inner Flame           Hex/Fire       ######..     1%          3    None
e - Sticky Flame          Conj/Fire      ######..     1%          4    None
f - Fireball              Conj/Fire      ######....   3%          5    ###....
g - Delayed Fireball      Conj/Fire      N/A          83%         7    ######.


Dungeon Overview and Level Annotations

Branches:
Dungeon (1/1)

Altars:
Ashenzari
Cheibriados
Dithmenos
Elyvilon
Fedhas
Gozag
Kikubaaqudgha
Makhleb
Nemelex Xobeh
Okawaru
Qazlal
Ru
Sif Muna
Trog
Vehumet
Xom
Yredelemnul
Zin
The Shining One
Beogh
Jiyva
Lugonu


Message History

* * * LOW HITPOINT WARNING * * *
Casting: Sticky Flame
Confirm with . or Enter, or press ? or * to list all spells.
Aiming: Sticky Flame
Press: ? - help, Shift-Dir - straight line, f/p - molten gargoyle
Aim: a molten gargoyle, wielding a flail (lightly damaged)
The sticky flame hits the molten gargoyle.
The molten gargoyle appears unharmed.
The molten gargoyle is lightly damaged.
The molten gargoyle is covered in liquid flames!
The molten gargoyle barely misses you.
Unknown command.
Drink which item? (? for menu, Esc to quit)
You feel much better.
The molten gargoyle stops burning.
The molten gargoyle blasts magma at you!
The bolt of magma hits you!
The molten gargoyle blasts magma at you!
The bolt of magma hits you!
You die...

#+#####+#####''######
).##.......##''########
..##.......##......+..+
####.......##......+..+
.[##...<...##.....##..##
..##.......##...###....###
..##.......##..##........##
####.......##''#...#..#...#
.. ##########...@.........+
.############++#...#..#...#
[#....#...[# ..##..9.....##
+#....#...[# ...###....###
:+....+..))# ...).##..##
+#....#..))# #.....'..+
.#....#..))# ###...'((+
############ ########


You could see a molten gargoyle.

Vanquished Creatures
  A swamp dragon (D)
  A hornet (D)
  A blue devil (D)
  A giant leech (D)
  A flying skull (D)
  A wyvern (D)
  A deep elf fighter (D)
  A wraith (D)
  4 vampire mosquitoes (D)
  A warg (D)
  A porcupine (D)
  4 centaurs (D)
  A scorpion (D)
  3 killer bees (D)
  An orc wizard (D)
  An iron imp (D)
  A quasit (D)
  An ooze (D)
  2 giant eyeballs (D)
  A giant gecko (D)
  4 orcs (D)
  A bat (D)
  A goblin (D)
  A giant cockroach (D)
  A giant gecko zombie (D)
  A giant newt (D)
  3 kobolds (D)
41 creatures vanquished.

Notes
Turn   | Place    | Note
--------------------------------------------------------------
     0 | D        | Kidiri the High Elf Fire Elementalist began the quest for the Orb.
     0 | D        | Reached XP level 1. HP: 11/11 MP: 4/4
    52 | D        | Found a sacrificial altar of Ru.
    52 | D        | Found a basalt altar of Yredelemnul.
    52 | D        | Found a shadowy altar of Dithmenos.
    52 | D        | Found a deep blue altar of Sif Muna.
    52 | D        | Found a burning altar of Makhleb.
    52 | D        | Found a shimmering altar of Xom.
    52 | D        | Found an ancient bone altar of Kikubaaqudgha.
    52 | D        | Found a sparkling altar of Nemelex Xobeh.
    53 | D        | Found a glowing golden altar of the Shining One.
    53 | D        | Found a bloodstained altar of Trog.
    53 | D        | Found a shattered altar of Ashenzari.
    53 | D        | Found a white marble altar of Elyvilon.
    53 | D        | Found a snail-covered altar of Cheibriados.
    53 | D        | Found a blossoming altar of Fedhas.
    53 | D        | Found a radiant altar of Vehumet.
    53 | D        | Found a glowing silver altar of Zin.
    53 | D        | Found a corrupted altar of Lugonu.
    53 | D        | Found a viscous altar of Jiyva.
    53 | D        | Found a roughly hewn altar of Beogh.
    53 | D        | Found an iron altar of Okawaru.
    59 | D        | Found a stormy altar of Qazlal.
    59 | D        | Found an opulent altar of Gozag.
    61 | D        | Became a worshipper of Vehumet
   253 | D        | Reached * piety under Vehumet
   253 | D        | Offered knowledge of Magic Dart by Vehumet.
   253 | D        | Reached skill level 1 in Fighting
   253 | D        | Reached skill level 1 in Evocations
   254 | D        | Reached XP level 2. HP: 15/18 MP: 3/6
   258 | D        | Learned a level 2 spell: Throw Flame
   315 | D        | Reached ** piety under Vehumet
   329 | D        | Noticed an iron imp
   368 | D        | Killed an iron imp
   368 | D        | Reached skill level 1 in Staves
   368 | D        | Reached skill level 1 in Armour
   368 | D        | Reached skill level 4 in Fire Magic
   368 | D        | Reached XP level 3. HP: 24/24 MP: 1/9
   393 | D        | Learned a level 3 spell: Conjure Flame
   397 | D        | Learned a level 3 spell: Inner Flame
   626 | D        | Noticed a scorpion
   626 | D        | Noticed a quasit
   629 | D        | Noticed an orc wizard
   647 | D        | Killed a quasit
   647 | D        | Offered knowledge of Sandblast by Vehumet.
   647 | D        | Reached *** piety under Vehumet
   647 | D        | Reached XP level 4. HP: 13/29 MP: 3/11
   650 | D        | Killed an orc wizard
   650 | D        | Reached skill level 1 in Hexes
   832 | D        | Offered knowledge of Stone Arrow by Vehumet.
   846 | D        | Killed a scorpion
   846 | D        | Reached **** piety under Vehumet
   846 | D        | Reached skill level 5 in Dodging
   846 | D        | Reached skill level 5 in Spellcasting
   846 | D        | Reached skill level 5 in Fire Magic
   846 | D        | Reached XP level 5. HP: 25/36 MP: 2/13
   976 | D        | Learned a level 4 spell: Sticky Flame
  1010 | D        | Noticed a flying skull
  1040 | D        | Killed a flying skull
  1040 | D        | Offered knowledge of Force Lance by Vehumet.
  1040 | D        | Reached skill level 6 in Dodging
  1040 | D        | Reached XP level 6. HP: 14/42 MP: 4/16
  1244 | D        | Offered knowledge of Airstrike by Vehumet.
  1356 | D        | Noticed a centaur
  1361 | D        | Killed a centaur
  1479 | D        | Learned a level 5 spell: Fireball
  1481 | D        | Noticed a deep elf fighter
  1481 | D        | Noticed a centaur
  1484 | D        | Killed a deep elf fighter
  1484 | D        | Reached skill level 7 in Dodging
  1484 | D        | Reached skill level 5 in Conjurations
  1484 | D        | Reached XP level 7. HP: 34/48 MP: 9/18
  1490 | D        | Killed a centaur
  1490 | D        | Reached ***** piety under Vehumet
  1490 | D        | Offered knowledge of Olgreb's Toxic Radiance by Vehumet.
  1648 | D        | Noticed a warg
  1648 | D        | Noticed a vampire mosquito
  1648 | D        | Noticed a vampire mosquito
  1648 | D        | Noticed a vampire mosquito
  1648 | D        | Noticed a vampire mosquito
  1648 | D        | Noticed a swamp dragon
  1653 | D        | Killed a vampire mosquito
  1657 | D        | Killed a vampire mosquito
  1657 | D        | Reached skill level 8 in Dodging
  1659 | D        | Killed a vampire mosquito
  1660 | D        | Killed a vampire mosquito
  1660 | D        | Reached skill level 5 in Fighting
  1660 | D        | Reached skill level 5 in Evocations
  1660 | D        | Reached XP level 8. HP: 53/55 MP: 11/21
  1665 | D        | Killed a swamp dragon
  1665 | D        | Reached skill level 5 in Staves
  1665 | D        | Reached skill level 9 in Dodging
  1665 | D        | Reached skill level 5 in Hexes
  1879 | D        | Killed a warg
  1879 | D        | Reached skill level 5 in Armour
  2169 | D        | Noticed a wyvern
  2169 | D        | Noticed a giant leech
  2188 | D        | Killed a wyvern
  2195 | D        | Killed a giant leech
  2195 | D        | Reached XP level 9. HP: 39/62 MP: 9/23
  2332 | D        | Paralysed by a giant eyeball for 4 turns
  2444 | D        | Noticed a killer bee
  2444 | D        | Noticed a porcupine
  2444 | D        | Noticed a wraith
  2445 | D        | Noticed a killer bee
  2445 | D        | Noticed a killer bee
  2448 | D        | Killed a porcupine
  2448 | D        | Reached ****** piety under Vehumet
  2448 | D        | Killed a killer bee
  2448 | D        | Offered knowledge of Delayed Fireball by Vehumet.
  2449 | D        | Killed a killer bee
  2451 | D        | Killed a killer bee
  2462 | D        | Killed a wraith
  2582 | D        | Learned a level 7 spell: Delayed Fireball
  2589 | D        | Noticed a hornet
  2589 | D        | Noticed a centaur
  2598 | D        | Paralysed by a hornet for 3 turns
  2606 | D        | Killed a hornet
  2606 | D        | Reached skill level 10 in Dodging
  2606 | D        | Reached skill level 10 in Spellcasting
  2610 | D        | Killed a centaur
  2778 | D        | Noticed a centaur
  2778 | D        | Noticed a blue devil
  2778 | D        | Noticed a molten gargoyle
  2779 | D        | Killed a centaur
  2790 | D        | Killed a blue devil
  2790 | D        | Offered knowledge of Orb of Destruction by Vehumet.
  2801 | D        | Killed from afar by a molten gargoyle

Vault maps used:
D:        pitsprint

Action                   |  1- 3 |  4- 6 |  7- 9 || total
-------------------------+-------+-------+-------++-------
Melee: Quarterstaff      |     7 |    13 |     2 ||    22
       Staff             |       |     4 |    21 ||    25
 Cast: Flame Tongue      |    19 |    12 |    15 ||    46
       Throw Flame       |     8 |    13 |    16 ||    37
       Conjure Flame     |     3 |     1 |     4 ||     8
       Inner Flame       |     3 |       |       ||     3
       Sticky Flame      |       |     6 |    10 ||    16
       Fireball          |       |       |     3 ||     3
Evoke: Staff of energy   |     1 |     1 |       ||     2
  Use: Potion            |     5 |     5 |     8 ||    18
       Scroll            |       |       |     1 ||     1
 Stab: Sleeping          |     2 |     1 |       ||     3
  Eat: Bread ration      |       |     1 |     1 ||     2
